AoeStats
← EmirR6S

Black Forest

507133564Analyzed
4v4 RM · 14d ago on Sep 16, 2026· 60m 9s· 8 players
Game mode
Random Map
Map size
Large (8 player)
Population
200
Speed
Normal
Resources
Standard
Victory
Conquest
Starting age
Dark Age
Ending age
Imperial Age
RankedLock teamsTeams togetherTeam positionsShared explorationLock speedFull tech treeHidden civsTurbo modeCheats
Victory
Defeat
🇩🇪 Magyars · Germany
928
+13
🇺🇸 Britons · United States
917
+13
🇫🇷 Lithuanians · France
892
+14
🇨🇱 Persians · Chile
864
+15
🇷🇴 Britons · Romania
938
-16
🇷🇴 Franks · Romania
848
-14
🇷🇴 Mapuche · Romania
825
-13
🇷🇴 Celts · Romania
799
-12
Juan Carlos Bodoque
0:31 Loom
12:29 Feudal Age
12:49 Double-Bit Axe
12:56 Fishing Lines
14:32 Wheelbarrow
16:24 Gold Mining
18:05 Town Watch
18:15 Stone Mining
22:10 Castle Age
21:18 Horse Collar
23:21 Bow Saw
24:06 Stone Shaft Mining
27:47 Imperial Age
25:49 Hand Cart
27:04 Town Patrol
27:20 Caravan
29:57 Two-Man Saw
29:53 Gold Shaft Mining
32:16 Forging
32:24 Scale Barding Armor
33:45 Conscription
33:54 Elite War Elephant
36:31 Iron Casting
36:17 Chain Barding Armor
38:21 Blast Furnace
37:29 Husbandry
38:47 Plate Barding Armor
40:42 Bloodlines
41:24 Heavy Plow
41:33 Murder Holes
41:49 Masonry
41:47 Devotion
42:46 Fletching
43:11 Citadels
43:41 Hoardings
45:36 Bodkin Arrow
57:02 Kamandaran
58:03 Padded Archer Armor
58:03 Scale Mail Armor
57:38 Sappers
58:45 Architecture
58:06 Heated Shot
58:37 Ballistics
59:18 Chemistry
58:26 Siphons
58:12 Guard Tower
58:33 Clinker Construction
58:34 Careening
58:58 Gillnets
59:19 Medium Warships
58:29 Demolition Ship
59:38 Leather Archer Armor
59:40 Chain Mail Armor
59:58 Coinage
59:38 Guilds
Moms93170
0:39 Loom
12:14 Feudal Age
15:17 Double-Bit Axe
17:50 Castle Age
15:38 Fishing Lines
16:13 Horse Collar
22:57 Wheelbarrow
23:43 Gillnets
24:41 Bow Saw
27:15 Herbal Medicine
27:24 Heavy Plow
27:34 Scale Barding Armor
28:26 Hand Cart
28:13 Gold Mining
28:56 Town Watch
29:47 Chain Barding Armor
29:38 Forging
30:13 Husbandry
30:23 Bloodlines
31:31 Town Patrol
31:32 Stone Mining
32:30 Iron Casting
31:46 Fletching
35:15 Imperial Age
33:57 Caravan
34:47 Bodkin Arrow
36:34 Plate Barding Armor
36:00 Bracer
35:25 Cavalier
37:04 Crop Rotation
37:39 Two-Man Saw
37:25 Conscription
36:49 Paladin
38:36 Light Cavalry
44:54 Winged Hussar
Safe & Sound
0:48 Loom
15:40 Feudal Age
19:32 Castle Age
18:25 Double-Bit Axe
20:46 Horse Collar
21:53 Heavy Plow
23:51 Town Watch
27:28 Fletching
29:57 Bodkin Arrow
32:43 Padded Archer Armor
32:50 Gold Mining
32:52 Stone Mining
34:13 Wheelbarrow
34:06 Ballistics
40:02 Imperial Age
37:48 Hand Cart
38:03 Caravan
38:42 Bow Saw
38:54 Husbandry
39:04 Bloodlines
39:17 Light Cavalry
40:02 Corvinian Army
41:05 Scale Mail Armor
41:11 Scale Barding Armor
41:21 Leather Archer Armor
41:56 Gold Shaft Mining
41:48 Conscription
41:40 Town Patrol
41:43 Bracer
42:58 Parthian Tactics
42:57 Chain Barding Armor
42:15 Elite Magyar Huszar
43:04 Recurve Bow
44:14 Chemistry
43:21 Hussar
43:37 Heavy Cavalry Archer
46:18 Ring Archer Armor
47:53 Murder Holes
48:10 Masonry
49:19 Plate Barding Armor
49:34 Treadmill Crane
57:54 Spies/Treason
AlexShukov13
0:26 Loom
14:02 Feudal Age
18:54 Castle Age
16:46 Double-Bit Axe
18:30 Wheelbarrow
17:42 Horse Collar
19:06 Fletching
31:42 Imperial Age
31:03 Ballistics
30:42 Bodkin Arrow
30:47 Padded Archer Armor
31:18 Hand Cart
30:48 Town Watch
31:05 Heavy Plow
31:17 Bow Saw
31:36 Stone Mining
31:39 Gold Mining
32:50 Conscription
33:38 Leather Archer Armor
34:53 Gold Shaft Mining
34:59 Yeomen
36:01 Chemistry
35:47 Bracer
37:39 Two-Man Saw
36:40 Murder Holes
38:18 Ring Archer Armor
40:08 Elite Longbowman
41:22 Warwolf
43:19 Forging
43:10 Scale Mail Armor
43:18 Siege Engineers
43:25 Masonry
44:52 Hoardings
44:41 Town Patrol
53:59 Caravan
THE SUSPECT
10:55 Feudal Age
16:51 Castle Age
15:25 Horse Collar
17:41 Wheelbarrow
20:19 Heavy Plow
21:25 Gold Mining
21:27 Stone Mining
23:46 Hand Cart
25:49 Gold Shaft Mining
30:27 Imperial Age
31:42 Stone Shaft Mining
31:53 Man-at-Arms
32:19 Gambesons
32:20 Arson
34:10 Forging
34:01 Scale Mail Armor
34:03 Loom
34:22 Caravan
35:12 Pikeman
35:49 Elite Woad Raider
36:50 Conscription
36:46 Halberdier
40:59 Chemistry
40:39 Iron Casting
40:20 Chain Mail Armor
41:33 Elite Skirmisher
47:18 Stronghold
EmirR6S
11:52 Feudal Age
14:11 Double-Bit Axe
16:57 Castle Age
19:21 Wheelbarrow
21:14 Stone Mining
21:15 Gold Mining
21:07 Horse Collar
21:16 Treadmill Crane
21:54 Fletching
22:05 Padded Archer Armor
22:48 Heavy Plow
24:12 Loom
26:48 Ballistics
26:47 Bow Saw
30:25 Forging
30:11 Bodkin Arrow
30:31 Leather Archer Armor
30:17 Scale Mail Armor
31:05 Town Watch
31:40 Hand Cart
32:00 Elite Skirmisher
35:35 Imperial Age
34:20 Gold Shaft Mining
35:55 Town Patrol
37:03 Conscription
37:04 Caravan
38:16 Two-Man Saw
37:48 Elite Longbowman
38:52 Yeomen
39:56 Chemistry
40:03 Bracer
40:33 Ring Archer Armor
41:40 Iron Casting
41:20 Chain Mail Armor
42:31 Pikeman
43:13 Squires
42:59 Arson
43:26 Halberdier
45:08 Warwolf
YANNICKKO
11:08 Feudal Age
18:03 Castle Age
20:22 Wheelbarrow
24:59 Double-Bit Axe
26:11 Bow Saw
29:06 Imperial Age
26:24 Loom
28:32 Hand Cart
28:24 Gold Mining
28:48 Bow Saw
30:43 Gold Shaft Mining
30:55 Scale Barding Armor
31:01 Forging
33:54 Chain Barding Armor
34:09 Iron Casting
35:38 Cavalier
36:37 Pikeman
37:21 Squires
38:15 Plate Barding Armor
38:41 Blast Furnace
37:55 Halberdier
38:39 Scale Mail Armor
40:31 Padded Archer Armor
40:56 Ballistics
41:38 Chemistry
40:39 Elite Skirmisher
41:47 Chain Mail Armor
41:31 Fletching
42:58 Conscription
49:17 Chain Mail Armor
MDS Destroyer
0:35 Loom
13:09 Feudal Age
16:40 Double-Bit Axe
19:54 Castle Age
17:56 Horse Collar
21:15 Bow Saw
21:31 Stone Mining
24:18 Fishing Lines
26:05 Wheelbarrow
26:09 Gillnets
26:58 Heavy Plow
28:15 Stone Shaft Mining
27:34 Gold Mining
28:08 Elite Skirmisher
28:42 Fletching
29:50 Hand Cart
32:26 Pikeman
33:11 Malon
36:13 Imperial Age
33:55 Padded Archer Armor
34:39 Bodkin Arrow
36:12 Gold Shaft Mining
37:39 Crop Rotation
36:32 Halberdier
37:31 Leather Archer Armor
38:27 Butalmapu
39:05 Ring Archer Armor
40:04 Chemistry
39:29 Ballistics
39:03 Elite Bolas Rider
40:47 Conscription
42:49 Forging
42:40 Scale Mail Armor
Connection lost

Rejoining the realm…

Still unreachable

The connection could not be restored.

Session expired

The server has moved on; the page needs a fresh start.